 Dungeon Crawl Stone Soup version 0.22-a0-348-gd16d1391c7 (webtiles) character file.

745 Deemzul the Slasher (level 7, -7/55 HPs)
             Began as a Demonspawn Fighter on Apr 8, 2018.
             Mangled by an ogre
             ... wielding a +0 giant spiked club
              (24 damage)
             ... on level 5 of the Dungeon.
             The game lasted 00:04:21 (3157 turns).

Deemzul the Slasher (Demonspawn Fighter)            Turns: 3157, Time: 00:04:21

Health: -7/55      AC: 16    Str: 16    XL:     7   Next: 47%
Magic:  0/7        EV:  4    Int:  9    God:
Gold:   164        SH:  9    Dex: 15    Spells: 6/6 levels left

rFire    . . .     SeeInvis .   a - +0 long sword
rCold    + . .     Gourm    .   c - +0 shield
rNeg     . . .     Faith    .   w - +0 chain mail {rC+}
rPois    .         Spirit   +   u - +1 hat
rElec    .         Reflect  .   v - +0 cloak (curse)
rCorr    .         Harm     +   s - +0 pair of gloves (curse)
MR       .....                  r - +0 pair of boots
Stlth    ..........             t - amulet of harm
HPRegen  0.18/turn              (no ring)
MPRegen  0.10/turn              (no ring)

@: no status effects
A: hooves 2, slimy green scales 1, magic shield, rot immunity
a: no special abilities


You were on level 5 of the Dungeon.
You were not hungry.

You visited 1 branch of the dungeon, and saw 5 of its levels.

You collected 164 gold pieces.

Inventory:

Hand Weapons
 a - a +0 long sword (weapon)
 m - a +1 dagger of venom
Armour
 c - a +0 shield (worn)
 r - a +0 pair of boots (worn)
 s - a cursed +0 pair of gloves (worn)
 u - a +1 hat (worn)
 v - a cursed +0 cloak (worn)
 w - a +0 chain mail of cold resistance (worn)
Jewellery
 t - an amulet of harm (around neck)
Scrolls
 h - 3 scrolls of remove curse {unknown}
 i - 4 scrolls of amnesia {unknown}
 j - 3 scrolls of magic mapping {unknown}
 l - 4 scrolls of identify {unknown}
 o - 2 scrolls of teleportation {unknown}
 q - a scroll of fog {unknown}
 x - a scroll of fear {unknown}
Potions
 d - a potion of might
 e - a potion of cancellation {unknown}
 g - a potion of haste {unknown}
 k - 2 potions of heal wounds {unknown}
 n - 3 potions of curing
 p - a potion of lignification {unknown}
Comestibles
 b - 3 chunks of flesh
 f - 5 rations


   Skills:
 + Level 4.7 Fighting
 * Level 5.1 Long Blades
 + Level 4.2 Armour
 + Level 4.3 Shields


You had 6 spell levels left.
You didn't know any spells.

Dungeon Overview and Level Annotations

Branches:
Dungeon (5/15)
 Temple: D:4-7

Altars:
Elyvilon


Innate Abilities, Weirdness & Mutations

You have hoof-like feet.
You are partially covered in slimy green scales. (AC +2)
When hurt, damage is shared between your health and your magic reserves.
You are immune to rotting.


Message History

Your shield prevents you from hitting the ogre.
The ogre barely misses you.
You hit the ogre.
The ogre is moderately wounded.
You block the ogre's attack.
You slash the ogre!
The ogre is severely wounded.
Your shield and chain mail prevent you from hitting the ogre.
The ogre is severely wounded.
The ogre hits you with a giant spiked club!
You completely miss the ogre.
The ogre is severely wounded.
You block the ogre's attack.
Your shield and chain mail prevent you from hitting the ogre.
The ogre is severely wounded.
The ogre hits you with a giant spiked club!
Your chain mail prevents you from hitting the ogre.
The ogre is severely wounded.
The ogre hits you with a giant spiked club!!
You die...

...## ..... #.##
.#...# #...
#...... #...
####.#. ..# ..#
# #.# ... #O#
.....###@###.#.
..>....<........
...?.###........
... ########. .


You could see an ogre.

Vanquished Creatures
  The ghost of Naab the Sneak, an amateur SpEn (D:3)
  2 phantoms
  An ice beast (D:2)
  An orc priest (D:3)
  Crazy Yiuf (D:3)
  Natasha (twice) (D:3)
  A worker ant (D:4)
  3 orc wizards (D:3)
  A worker ant zombie (D:5)
  5 adders
  2 oozes (D:1)
  An adder skeleton (D:4)
  A worm (D:4)
  3 dart slugs
  3 leopard geckos
  12 orcs
  7 bats
  6 giant cockroaches
  4 goblins
  9 hobgoblins
  6 jackals (D:1)
  7 kobolds
  A quokka (D:4)
  A ball python (D:2)
  5 frilled lizards
  12 rats
98 creatures vanquished.

Notes
Turn   | Place    | Note
-------+----------+-------------------------------------------
     0 | D:1      | Deemzul the Demonspawn Fighter began the quest for the Orb.
     0 | D:1      | Reached XP level 1. HP: 18/18 MP: 1/1
    70 | D:1      | Reached skill level 2 in Long Blades
    98 | D:1      | Gained mutation: You are partially covered in slimy green scales. (AC +2) [demonic ancestry]
    98 | D:1      | Reached XP level 2. HP: 12/24 MP: 2/2
   479 | D:1      | Gained mutation: You have large cloven feet. [demonic ancestry]
   479 | D:1      | Reached XP level 3. HP: 25/29 MP: 3/3
   876 | D:2      | Noticed a phantom
   925 | D:2      | Killed a phantom
   925 | D:2      | Reached skill level 3 in Long Blades
   925 | D:2      | Gained mutation: You have hoof-like feet. [demonic ancestry]
   925 | D:2      | Reached XP level 4. HP: 20/36 MP: 4/4
   925 | D:2      | Reached XP level 5. HP: 23/41 MP: 5/5
  1198 | D:2      | Found a faded altar of an unknown god.
  1350 | D:2      | Noticed an ice beast
  1395 | D:2      | Killed an ice beast
  1480 | D:2      | Gained mutation: You are immune to rotting. [demonic ancestry]
  1480 | D:2      | Reached XP level 6. HP: 48/48 MP: 6/6
  1950 | D:3      | Noticed Naab's ghost (amateur SpEn)
  2031 | D:3      | Killed Naab's ghost
  2031 | D:3      | Reached skill level 4 in Long Blades
  2108 | D:3      | Noticed Natasha
  2117 | D:3      | Killed Natasha
  2179 | D:3      | Found a runed door.
  2441 | D:3      | Found a white marble altar of Elyvilon.
  2471 | D:3      | Gained mutation: When hurt, damage is shared between your health and your magic reserves. [demonic ancestry]
  2471 | D:3      | Reached XP level 7. HP: 38/55 MP: 7/7
  2577 | D:3      | Noticed Natasha
  2583 | D:3      | Killed Natasha
  2632 | D:3      | Noticed Crazy Yiuf
  2639 | D:3      | Killed Crazy Yiuf
  2850 | D:4      | Reached skill level 5 in Long Blades
  3113 | D:5      | Entered Level 5 of the Dungeon
  3157 | D:5      | Mangled by an ogre

Vault maps used:
D:1:      dpeg_arrival_subterranean_lakeside_camping
D:2:      chequers_ecumenical_altar_simple_redux
D:3:      elyvilon_altar_1, uniq_natasha, uniq_crazy_yiuf_cottage
D:4:      first_ration
D:5:      vehumet_crystals, led_xom_imps, uniq_sigmund, uniq_duvessa

Skill      XL: |  1  2  3  4  5  6  7 |
---------------+----------------------+-----
Long Blades    | 2 3 4 5 |  5.1
Shields        | 3 4 |  4.3
Armour         | 3 4 |  4.2
Fighting       | 4 |  4.7

Action                   |  1- 3 |  4- 6 |  7- 9 || total
-------------------------+-------+-------+-------++-------
Melee: Long sword        |   129 |   171 |    78 ||   378
       Kick              |    14 |    16 |       ||    30
  Eat: Chunk             |       |     6 |     2 ||     8
Armor: Scale mail        |    90 |    85 |       ||   175
       Chain mail        |       |    22 |    34 ||    56
Dodge: Dodged            |    40 |    55 |    10 ||   105
Block: Shield            |    58 |    85 |    37 ||   180
       Rpst.: Long sword |    11 |    13 |     2 ||    26

Table legend:
 A = Spawn XP
 B = Non-spawn XP
 C = Spawn XP percentage of total XP
 D = Spawn monster count
 E = Non-spawn monster count
 F = Spawn count percentage of total count
 G = Total turns spent on level
                    A         B        C        D         E        F      G
               +---------+---------+-------+---------+---------+-------+---------
         Total |       0 |    1065 |   0.0 |       0 |      98 |   0.0 |  3157
               +---------+---------+-------+---------+---------+-------+---------
           D:1 |       0 |      73 |   0.0 |       0 |      36 |   0.0 |   842
           D:2 |       0 |     323 |   0.0 |       0 |      23 |   0.0 |  1049
           D:3 |       0 |     460 |   0.0 |       0 |      29 |   0.0 |   814
           D:4 |       0 |     193 |   0.0 |       0 |       9 |   0.0 |   430
           D:5 |       0 |      16 |   0.0 |       0 |       1 |   0.0 |    22
               +---------+---------+-------+---------+---------+-------+---------
